cohdb
Replays
Latest Replays
All Replays
Popular Replays
Top Player Replays
Match Explorer
How It Works
Community
CoH3 Stats
Reddit
Sign in to upload your games and track your stats! →
Sign in with Steam
Match 42532470
Unlisted
Match 42532470
Overview
Messages
Build Orders
End
Construct Section Command Post
Royal Engineer Section
Selects Indian Artillery Battlegroup
Infantry Section
Infantry Section
Grenade Package
Dingo Light Scout Car
Construct Field Infirmary
Construct Platoon Command Post
Humber Armored Car
6-pounder Anti-tank Gun Team
Selects Valour
Selects Gurkha Rifles Section
Gurkha Rifles Section
Selects Towed ML 4.2-inch Heavy Mortar
nigo_BR ᵀᴹ
Bineto
Sgannarel
Dave
0
0
Comments
sign in to comment!
No comments posted yet!